Senateurs vs Lightning
Created - February 17, 2020 at 19:18
Goals
|
Senateurs |
1 |
1 |
2 |
4 |
Lightning |
0 |
1 |
2 |
3 |
|
Shots
|
Senateurs |
3 |
16 |
6 |
25 |
Lightning |
6 |
14 |
13 |
33 |
|
1st period
1. Senateurs , Sidney Crosby 36 (Phil Kessel 33, Evgeni Malkin 35) at 5:36
Penalties :
Daniel Sedin (Ott) for Interference (Minor) at 0:15, Cody Franson (Ott) for Hooking (Minor) at 6:14, Alex Goligoski (TB.) for Hooking (Minor) at 6:31, Jaden Schwartz (TB.) for Tripping (Minor) at 10:59, Daniel Briere (Ott) for Tripping (Minor) at 18:32
2nd period
2. Lightning , Rasmus Ristolainen 14 (Patrick Kaleta 10, Theo Peckham 9) at 9:19
3. Senateurs , Michel Ouellet 2 (Stephane Da Costa 2, Cody Franson 24) at 16:16
Penalties :
Ryan Hollweg (Ott) for Tripping (Minor) at 1:10, Patrick Kaleta (TB.) for Roughing (Minor) at 11:34
3rd period
4. Senateurs , Jamie Benn 10 (Cody Franson 25, Sidney Crosby 38) at 0:57
5. Lightning , Mark Scheifele 5 (Rasmus Ristolainen 23, Kris Versteeg 16) at 5:15
6. Lightning , Henrik Zetterberg 21 (Tyler Johnson 24, Kris Versteeg 17) at 9:37 (PP)
7. Senateurs , Phil Kessel 26 (Sidney Crosby 39) at 19:52 (PP)
Penalties :
Radim Vrbata (Ott) for Elbowing (Minor) at 8:39, Daniel Sedin (Ott) for High sticking (Minor) at 10:28, Sidney Crosby (Ott) for Holding (Minor) at 13:32, Colby Armstrong (Ott) for Hooking (Minor) at 17:20, Patrick Marleau (TB.) for Hooking (Minor) at 19:32
Goalie Stats
Ondrej Pavelec (Ott), 30 saves from 33 shots - (0.909), W, 25-11-5, 60:00 minutes
Philipp Grubauer (TB.), 21 saves from 25 shots - (0.840), L, 18-13-3, 59:58 minutes
Players Stats for Senateurs
Player Name G A P +/- PIM S H SB GA TA FO MP PP MP PK MP
------------------------------------------------------------------------------------
Carlo Colaiacovo 0 0 0 1 0 0 0 0 0 0 0/0 9:38 0:00 0:21
Cody Franson 0 2 2 1 2 2 2 1 1 0 0/0 28:16 1:41 7:09
Colby Armstrong 0 0 0 -1 2 2 0 0 0 0 1/1 14:01 2:14 0:00
Daniel Briere 0 0 0 -1 2 1 2 1 0 1 1/6 13:01 0:17 4:01
Daniel Sedin 0 0 0 -1 4 1 1 0 1 0 1/2 13:57 2:14 0:14
Dion Phaneuf 0 0 0 1 0 1 3 1 1 2 0/0 29:12 1:24 7:30
Duncan Keith 0 0 0 -1 0 1 0 1 0 0 0/0 22:04 3:11 5:39
Evgeni Malkin 0 1 1 -1 0 5 0 1 0 2 8/16 22:20 2:14 7:14
Jamie Benn 1 0 1 2 0 1 1 1 0 0 0/1 18:15 2:04 1:31
Mark Giordano 0 0 0 1 0 0 1 0 0 0 0/0 9:34 0:00 0:00
Michel Ouellet 1 0 1 1 0 2 3 0 0 0 0/0 5:52 0:00 0:00
Nate Prosser 0 0 0 -1 0 0 1 2 0 1 0/0 22:04 3:11 5:39
Phil Kessel 1 1 2 2 0 3 0 0 3 1 2/2 21:35 2:09 3:39
Radim Vrbata 0 0 0 -1 2 0 1 0 0 0 0/2 9:44 0:00 2:38
Ryan Hollweg 0 0 0 1 2 0 2 0 0 0 0/0 6:26 0:00 0:00
Sergei Kostitsyn 0 0 0 -1 0 1 1 0 0 0 0/0 7:59 0:12 0:00
Sidney Crosby 1 2 3 2 2 5 1 1 0 1 14/35 24:52 2:04 6:42
Stephane Da Costa 0 1 1 1 0 0 0 1 0 0 2/3 6:11 0:00 0:19
Players Stats for Lightning
Player Name G A P +/- PIM S H SB GA TA FO MP PP MP PK MP
------------------------------------------------------------------------------------
Alex Goligoski 0 0 0 -1 2 3 2 0 1 2 0/0 28:47 8:13 2:40
Darren Helm 0 0 0 0 0 3 0 0 0 0 0/0 7:50 0:00 1:28
Henrik Zetterberg 1 0 1 -1 0 5 2 0 1 0 1/1 24:17 6:46 2:43
Jaden Schwartz 0 0 0 0 2 5 1 0 2 0 0/1 17:50 6:23 0:08
James Wright 0 0 0 0 0 1 0 0 0 0 2/3 8:34 0:00 0:12
Jon Merrill 0 0 0 -1 0 2 0 0 1 1 0/0 19:50 0:00 2:48
Joni Pitkanen 0 0 0 -1 0 1 1 2 1 0 0/0 21:37 4:55 1:46
Justin Schultz 0 0 0 -1 0 2 3 1 0 0 0/0 21:23 4:55 1:38
Kris Versteeg 0 2 2 0 0 0 2 0 0 2 3/3 18:39 6:46 0:00
Mark Scheifele 1 0 1 0 0 3 3 0 1 1 10/23 20:08 6:23 1:36
Mikael Backlund 0 0 0 0 0 0 1 0 0 0 0/2 5:53 0:00 0:00
Nikita Kucherov 0 0 0 -1 0 2 2 0 0 0 1/1 21:53 6:23 0:00
Patrick Kaleta 0 1 1 0 2 1 0 0 1 0 0/0 9:13 0:00 0:24
Patrick Marleau 0 0 0 0 2 0 0 0 0 0 0/0 8:21 0:00 0:00
Rasmus Ristolainen 1 1 2 1 0 3 1 1 0 0 0/0 18:19 7:46 0:09
Scottie Upshall 0 0 0 0 0 0 0 0 0 0 0/0 5:53 0:00 0:00
Theo Peckham 0 1 1 1 0 0 2 0 0 0 0/0 10:04 0:28 0:09
Tyler Johnson 0 1 1 -1 0 2 1 0 0 0 22/34 25:08 6:46 2:39
3 Stars
1 - Sidney Crosby (Ott)
2 - Phil Kessel (Ott)
3 - Rasmus Ristolainen (TB.)
Power Play
Senateurs - 1 on 4 Attempt(s) - 25.00%
Lightning - 1 on 8 Attempt(s) - 12.50%
Penalty Kill
Senateurs - 7 on 8 Attempt(s) - 87.50%
- Score 0 goal in Penalty Kill
Lightning - 3 on 4 Attempt(s) - 75.00%
- Score 0 goal in Penalty Kill
Team Stat
Senateurs - Hits : 19 - Faceoff Wins : 29 - Blocked Shots : 10 - Penalty Minutes : 16
Lightning - Hits : 21 - Faceoff Wins : 39 - Blocked Shots : 4 - Penalty Minutes : 8
Official
Referees : Unknown
Linesman : Unknown
Game Notes
No Game Note
Finance
Level 1 -- Attendance: 4955 (82.58%) -- Ticket Income $569,825
Level 2 -- Attendance: 4593 (91.86%) -- Ticket Income $293,952
Level 3 -- Attendance: 1640 (82.00%) -- Ticket Income $72,160
Level 4 -- Attendance: 2485 (62.13%) -- Ticket Income $99,400
Luxury Box -- Attendance: 671 (67.10%) -- Ticket Income $144,265
Game was played at the Tampa Bay Stadium.
Total Attendance: 14344 (79.69%)
Total Ticket Income: $1,179,602
Other Income: $176,940
Total Income: $1,356,542
Senateurs
5 vs 5 Forward
Center Left Wing Right Wing Time % Phy DF OF
1 Sidney Crosby Jamie Benn Phil Kessel 40 1 2 2
2 Evgeni Malkin Daniel Sedin Colby Armstrong 30 1 2 2
3 Daniel Briere Sergei Kostitsyn Radim Vrbata 20 1 2 2
4 Stephane Da Costa Ryan Hollweg Michel Ouellet 10 1 2 2
5 vs 5 Defense
Defense Defense Time % Phy DF OF
1 Dion Phaneuf Cody Franson 40 1 2 2
2 Duncan Keith Nate Prosser 30 1 2 2
3 Mark Giordano Carlo Colaiacovo 20 1 2 2
4 Dion Phaneuf Cody Franson 10 1 2 2
PowerPlay Forward
Center Left Wing Right Wing Time % Phy DF OF
1 Sidney Crosby Jamie Benn Phil Kessel 60 1 2 2
2 Evgeni Malkin Daniel Sedin Colby Armstrong 40 1 2 2
PowerPlay Defense
Defense Defense Time % Phy DF OF
1 Dion Phaneuf Cody Franson 60 1 2 2
2 Duncan Keith Nate Prosser 40 1 2 2
Penalty Kill 4 Players Forward
Center Wing Time % Phy DF OF
1 Sidney Crosby Evgeni Malkin 60 1 2 2
2 Phil Kessel Daniel Briere 40 1 2 2
Penalty Kill 4 Players Defense
Defense Defense Time % Phy DF OF
1 Dion Phaneuf Cody Franson 60 1 2 2
2 Duncan Keith Nate Prosser 40 1 2 2
Penalty Kill - 3 Players Forward
Forward Time % Phy DF OF
1 Sidney Crosby 60 1 2 2
2 Evgeni Malkin 40 1 2 2
Penalty Kill - 3 Players Defense
Defense Defense Time % Phy DF OF
1 Dion Phaneuf Cody Franson 60 1 2 2
2 Duncan Keith Nate Prosser 40 1 2 2
4 vs 4 Forward
Center Wing Time % Phy DF OF
1 Sidney Crosby Evgeni Malkin 60 1 2 2
2 Phil Kessel Daniel Briere 40 1 2 2
4 vs 4 Defense
Defense Defense Time % Phy DF OF
1 Dion Phaneuf Cody Franson 60 1 2 2
2 Duncan Keith Nate Prosser 40 1 2 2
Last Minutes Offensive
Center Left Wing Right Wing Defense Defense
Sidney Crosby Jamie Benn Phil Kessel Dion Phaneuf Cody Franson
Last Minutes Defensive
Center Left Wing Right Wing Defense Defense
Sidney Crosby Jamie Benn Phil Kessel Dion Phaneuf Cody Franson
Goaltenders
Starting : Ondrej Pavelec
Backup : Roberto Luongo
Extra Forwards
Normal : Sergei Kostitsyn, Ryan Hollweg, Radim Vrbata - PP : Sergei Kostitsyn, Ryan Hollweg - PK : Radim Vrbata
Extra Defensemen
Normal : Mark Giordano, Carlo Colaiacovo, Duncan Keith - PP : Mark Giordano - PK : Carlo Colaiacovo, Duncan Keith
Penalty Shots
Sidney Crosby, Evgeni Malkin, Phil Kessel, Daniel Briere, Jamie Benn
Scratches
Chris Kunitz (Healthy), Arturs Kulda (Healthy)
Lightning
5 vs 5 Forward
Center Left Wing Right Wing Time % Phy DF OF
1 Tyler Johnson Henrik Zetterberg Nikita Kucherov 40 0 2 3
2 Mark Scheifele Jaden Schwartz Kris Versteeg 30 0 2 3
3 James Wright Patrick Marleau Patrick Kaleta 20 1 2 2
4 Mikael Backlund Darren Helm Scottie Upshall 10 1 2 2
5 vs 5 Defense
Defense Defense Time % Phy DF OF
1 Alex Goligoski Jon Merrill 40 0 2 3
2 Justin Schultz Joni Pitkanen 30 0 2 3
3 Theo Peckham Rasmus Ristolainen 20 1 3 1
4 Alex Goligoski Rasmus Ristolainen 10 0 2 3
PowerPlay Forward
Center Left Wing Right Wing Time % Phy DF OF
1 Tyler Johnson Henrik Zetterberg Kris Versteeg 50 0 1 4
2 Mark Scheifele Jaden Schwartz Nikita Kucherov 50 0 1 4
PowerPlay Defense
Defense Defense Time % Phy DF OF
1 Alex Goligoski Rasmus Ristolainen 60 0 1 4
2 Justin Schultz Joni Pitkanen 40 0 2 3
Penalty Kill 4 Players Forward
Center Wing Time % Phy DF OF
1 Tyler Johnson Henrik Zetterberg 60 1 3 1
2 Mark Scheifele Patrick Kaleta 40 1 3 1
Penalty Kill 4 Players Defense
Defense Defense Time % Phy DF OF
1 Alex Goligoski Jon Merrill 60 1 3 1
2 Justin Schultz Joni Pitkanen 40 1 3 1
Penalty Kill - 3 Players Forward
Forward Time % Phy DF OF
1 Tyler Johnson 60 1 3 1
2 Mark Scheifele 40 1 3 1
Penalty Kill - 3 Players Defense
Defense Defense Time % Phy DF OF
1 Alex Goligoski Jon Merrill 60 1 3 1
2 Justin Schultz Joni Pitkanen 40 1 3 1
4 vs 4 Forward
Center Wing Time % Phy DF OF
1 Tyler Johnson Nikita Kucherov 60 0 2 3
2 Mark Scheifele Kris Versteeg 40 1 2 2
4 vs 4 Defense
Defense Defense Time % Phy DF OF
1 Alex Goligoski Jon Merrill 60 0 2 3
2 Justin Schultz Joni Pitkanen 40 1 2 2
Last Minutes Offensive
Center Left Wing Right Wing Defense Defense
Mark Scheifele Henrik Zetterberg Kris Versteeg Alex Goligoski Justin Schultz
Last Minutes Defensive
Center Left Wing Right Wing Defense Defense
Tyler Johnson Henrik Zetterberg Patrick Kaleta Alex Goligoski Jon Merrill
Goaltenders
Starting : Philipp Grubauer
Backup : Jhonas Enroth
Extra Forwards
Normal : Jaden Schwartz, Kris Versteeg, Nikita Kucherov - PP : Nikita Kucherov, Patrick Kaleta - PK : Tyler Johnson
Extra Defensemen
Normal : Theo Peckham, Alex Goligoski, Jon Merrill - PP : Theo Peckham - PK : Joni Pitkanen, Theo Peckham
Penalty Shots
Mark Scheifele, Kris Versteeg, Nikita Kucherov, Jaden Schwartz, Tyler Johnson
Scratches
Pierre-Luc Létourneau (Healthy), Cameron Schilling (Healthy)
% Time on Ice - Senateurs
Lines # - Real PCT - Wanted PCT - Time Play
Normal Forward
1 - 38% - 40% - 15:20
2 - 31% - 30% - 12:28
3 - 17% - 20% - 6:47
4 - 15% - 10% - 5:52
Normal Defense
1 - 43% - 40% - 17:34
2 - 31% - 30% - 12:35
3 - 20% - 20% - 8:10
4 - 5% - 10% - 2:08
PP Forward
1 - 45% - 60% - 2:04
2 - 55% - 40% - 2:31
PP Defense
1 - 31% - 60% - 1:24
2 - 69% - 40% - 3:11
PK Forward
1 - 72% - 60% - 9:30
2 - 28% - 40% - 3:39
PK Defense
1 - 57% - 60% - 7:30
2 - 43% - 40% - 5:39
PK3 Forward
1 - 0% - 60%
2 - 0% - 40%
PK3 Defense
1 - 0% - 60%
2 - 0% - 40%
44 Forward
1 - 69% - 60% - 1:10
2 - 31% - 40% - 0:32
44 Defense
1 - 62% - 60% - 1:03
2 - 38% - 40% - 0:39
Last Minute Offensive - 0:00
Last Minute Defensive - 0:07
Total
Forward - 60:00
Defense - 60:00
|
% Time on Ice - Lightning
Lines # - Real PCT - Wanted PCT - Time Play
Normal Forward
1 - 37% - 40% - 15:01
2 - 28% - 30% - 11:11
3 - 21% - 20% - 8:22
4 - 15% - 10% - 5:53
Normal Defense
1 - 41% - 40% - 16:37
2 - 35% - 30% - 14:21
3 - 21% - 20% - 8:33
4 - 2% - 10% - 0:56
PP Forward
1 - 51% - 50% - 6:46
2 - 49% - 50% - 6:23
PP Defense
1 - 63% - 60% - 8:14
2 - 37% - 40% - 4:55
PK Forward
1 - 79% - 60% - 3:38
2 - 21% - 40% - 0:57
PK Defense
1 - 64% - 60% - 2:57
2 - 36% - 40% - 1:38
PK3 Forward
1 - 0% - 60%
2 - 0% - 40%
PK3 Defense
1 - 0% - 60%
2 - 0% - 40%
44 Forward
1 - 62% - 60% - 1:03
2 - 38% - 40% - 0:39
44 Defense
1 - 78% - 60% - 1:20
2 - 22% - 40% - 0:22
Last Minute Offensive - 0:07
Last Minute Defensive - 0:00
Total
Forward - 60:00
Defense - 60:00
|
Play-by-Play
1st period
0:01 of 1st period - Tyler Johnson wins face-off versus Jamie Benn in neutral zone.
0:12 of 1st period - Snap shot by Tyler Johnson.
0:12 of 1st period - Stopped by Ondrej Pavelec without a rebound.
0:13 of 1st period - Evgeni Malkin wins face-off versus Mark Scheifele in Senateurs zone.
0:15 of 1st period - Minor Penalty to Daniel Sedin for Interference.
0:16 of 1st period - Tyler Johnson wins face-off versus Sidney Crosby in Senateurs zone.
2:15 of 1st period - Penalty to Daniel Sedin is over, Daniel Sedin is back on ice.
2:46 of 1st period - Darren Helm is hit by Ryan Hollweg and loses puck.
3:35 of 1st period - Sidney Crosby is hit by Henrik Zetterberg and loses puck.
3:52 of 1st period - Cody Franson is hit by Kris Versteeg and loses puck.
4:00 of 1st period - Off-side.
4:01 of 1st period - James Wright wins face-off versus Evgeni Malkin in neutral zone.
4:12 of 1st period - Slapshot by Rasmus Ristolainen.
4:12 of 1st period - Stopped by Ondrej Pavelec without a rebound.
4:13 of 1st period - Tyler Johnson wins face-off versus Evgeni Malkin in Senateurs zone.
4:18 of 1st period - Slapshot by Tyler Johnson.
4:18 of 1st period - Shot Misses the Net.
4:20 of 1st period - Slapshot by Alex Goligoski.
4:20 of 1st period - Shot Misses the Net.
4:22 of 1st period - Slapshot by Alex Goligoski.
4:22 of 1st period - Shot Blocked by Nate Prosser.
4:37 of 1st period - Icing by Alex Goligoski.
4:38 of 1st period - Kris Versteeg wins face-off versus Daniel Briere in Lightning zone.
5:05 of 1st period - Carlo Colaiacovo is hit by Henrik Zetterberg and loses puck.
5:26 of 1st period - Snap shot by Evgeni Malkin.
5:26 of 1st period - Stopped by Philipp Grubauer with a rebound.
5:28 of 1st period - Snap shot by Sidney Crosby.
5:28 of 1st period - Shot Blocked by Justin Schultz.
5:30 of 1st period - Snap shot by Phil Kessel.
5:30 of 1st period - Deflect By Sidney Crosby.
5:30 of 1st period - Stopped by Philipp Grubauer with a rebound.
5:36 of 1st period - Snap shot by Sidney Crosby.
5:36 of 1st period - Goal by Sidney Crosby - Senateurs : 1 - Lightning : 0.
5:37 of 1st period - Sidney Crosby wins face-off versus Mark Scheifele in neutral zone.
6:14 of 1st period - Minor Penalty to Cody Franson for Hooking.
6:15 of 1st period - Evgeni Malkin wins face-off versus Jaden Schwartz in Senateurs zone.
6:15 of 1st period - Evgeni Malkin is hit by Rasmus Ristolainen.
6:31 of 1st period - Minor Penalty to Alex Goligoski for Hooking.
6:32 of 1st period - Tyler Johnson wins face-off versus Sidney Crosby in Lightning zone.
6:38 of 1st period - Sidney Crosby is hit by Theo Peckham and loses puck.
7:19 of 1st period - Snap shot by Daniel Briere.
7:19 of 1st period - Shot Misses the Net.
8:14 of 1st period - Penalty to Cody Franson is over, Cody Franson is back on ice.
8:17 of 1st period - Jaden Schwartz is hit by Cody Franson and loses puck.
8:28 of 1st period - Slapshot by Duncan Keith.
8:28 of 1st period - Shot Blocked by Rasmus Ristolainen.
8:31 of 1st period - Penalty to Alex Goligoski is over, Alex Goligoski is back on ice.
8:38 of 1st period - Slapshot by Patrick Kaleta.
8:38 of 1st period - Shot Blocked by Nate Prosser.
8:42 of 1st period - Snap shot by Patrick Kaleta.
8:42 of 1st period - Shot Blocked by Daniel Briere.
8:44 of 1st period - Slapshot by Alex Goligoski.
8:44 of 1st period - Shot Blocked by Duncan Keith.
9:45 of 1st period - Wrist shot by Henrik Zetterberg.
9:45 of 1st period - Shot Misses the Net.
9:47 of 1st period - Slapshot by Rasmus Ristolainen.
9:47 of 1st period - Shot Blocked by Evgeni Malkin.
10:07 of 1st period - Justin Schultz is hit by Dion Phaneuf and loses puck.
10:59 of 1st period - Minor Penalty to Jaden Schwartz for Tripping.
11:00 of 1st period - Tyler Johnson wins face-off versus Sidney Crosby in Lightning zone.
12:25 of 1st period - Dion Phaneuf is hit by Mark Scheifele and loses puck.
12:32 of 1st period - Mark Scheifele is hit by Nate Prosser.
12:59 of 1st period - Penalty to Jaden Schwartz is over, Jaden Schwartz is back on ice.
13:58 of 1st period - Patrick Kaleta is hit by Sidney Crosby and loses puck.
14:09 of 1st period - Dion Phaneuf is hit by Nikita Kucherov and loses puck.
14:30 of 1st period - Darren Helm is hit by Dion Phaneuf and loses puck.
14:48 of 1st period - Colby Armstrong is hit by Kris Versteeg and loses puck.
14:59 of 1st period - James Wright is hit by Jamie Benn and loses puck.
15:11 of 1st period - Icing by Sidney Crosby.
15:12 of 1st period - Tyler Johnson wins face-off versus Stephane Da Costa in Senateurs zone.
17:06 of 1st period - Wrist shot by Darren Helm.
17:06 of 1st period - Stopped by Ondrej Pavelec without a rebound.
17:07 of 1st period - Stephane Da Costa wins face-off versus Mikael Backlund in Senateurs zone.
17:33 of 1st period - Dion Phaneuf is hit by Theo Peckham and loses puck.
17:56 of 1st period - Wrist shot by Darren Helm.
17:56 of 1st period - Stopped by Ondrej Pavelec without a rebound.
17:57 of 1st period - Tyler Johnson wins face-off versus Sidney Crosby in Senateurs zone.
18:32 of 1st period - Minor Penalty to Daniel Briere for Tripping.
18:33 of 1st period - Tyler Johnson wins face-off versus Sidney Crosby in Senateurs zone.
19:16 of 1st period - Slapshot by Alex Goligoski.
19:16 of 1st period - Shot Misses the Net.
19:18 of 1st period - Wrist shot by Mark Scheifele.
19:18 of 1st period - Stopped by Ondrej Pavelec with a rebound.
19:20 of 1st period - Wrist shot by Nikita Kucherov.
19:20 of 1st period - Stopped by Ondrej Pavelec without a rebound.
19:21 of 1st period - Sidney Crosby wins face-off versus Mark Scheifele in Senateurs zone.
Goals for this period are 1 for Senateurs vs 0 for Lightning .
Shots for this period are 3 for Senateurs vs 6 for Lightning .
2nd period
0:01 of 2nd period - Sidney Crosby wins face-off versus Tyler Johnson in neutral zone.
0:04 of 2nd period - Snap shot by Dion Phaneuf.
0:04 of 2nd period - Stopped by Philipp Grubauer without a rebound.
0:05 of 2nd period - Sidney Crosby wins face-off versus Tyler Johnson in Lightning zone.
0:06 of 2nd period - Snap shot by Evgeni Malkin.
0:06 of 2nd period - Shot Misses the Net.
0:11 of 2nd period - Off-side.
0:12 of 2nd period - Mark Scheifele wins face-off versus Sidney Crosby in neutral zone.
0:32 of 2nd period - Penalty to Daniel Briere is over, Daniel Briere is back on ice.
1:02 of 2nd period - Joni Pitkanen is hit by Michel Ouellet and loses puck.
1:10 of 2nd period - Minor Penalty to Ryan Hollweg for Tripping.
1:11 of 2nd period - Sidney Crosby wins face-off versus Tyler Johnson in Senateurs zone.
3:10 of 2nd period - Penalty to Ryan Hollweg is over, Ryan Hollweg is back on ice.
3:27 of 2nd period - Slapshot by Patrick Kaleta.
3:27 of 2nd period - Shot Misses the Net.
3:29 of 2nd period - Slapshot by Joni Pitkanen.
3:29 of 2nd period - Shot Misses the Net.
3:45 of 2nd period - Backhand shot by Daniel Briere.
3:45 of 2nd period - Stopped by Philipp Grubauer with a rebound.
3:55 of 2nd period - Mikael Backlund is hit by Michel Ouellet and loses puck.
4:16 of 2nd period - Patrick Marleau is hit by Mark Giordano and loses puck.
4:45 of 2nd period - Wrist shot by Patrick Kaleta.
4:45 of 2nd period - Shot Misses the Net.
5:23 of 2nd period - Jaden Schwartz is hit by Daniel Sedin and loses puck.
5:36 of 2nd period - Slapshot by Rasmus Ristolainen.
5:36 of 2nd period - Shot Blocked by Jamie Benn.
5:44 of 2nd period - Wrist shot by Darren Helm.
5:44 of 2nd period - Stopped by Ondrej Pavelec without a rebound.
5:45 of 2nd period - Nikita Kucherov wins face-off versus Radim Vrbata in Senateurs zone.
5:49 of 2nd period - Icing by Radim Vrbata.
5:50 of 2nd period - Tyler Johnson wins face-off versus Daniel Briere in Senateurs zone.
5:55 of 2nd period - Wrist shot by Tyler Johnson.
5:55 of 2nd period - Shot Misses the Net.
6:06 of 2nd period - Daniel Briere is hit by Tyler Johnson and loses puck.
6:21 of 2nd period - Slapshot by Radim Vrbata.
6:21 of 2nd period - Shot Misses the Net.
6:23 of 2nd period - Snap shot by Radim Vrbata.
6:23 of 2nd period - Shot Misses the Net.
6:25 of 2nd period - Slapshot by Nate Prosser.
6:25 of 2nd period - Deflect By Sergei Kostitsyn.
6:25 of 2nd period - Stopped by Philipp Grubauer with a rebound.
6:27 of 2nd period - Snap shot by Duncan Keith.
6:27 of 2nd period - Stopped by Philipp Grubauer without a rebound.
6:28 of 2nd period - Mark Scheifele wins face-off versus Sidney Crosby in Lightning zone.
6:45 of 2nd period - Slapshot by Cody Franson.
6:45 of 2nd period - Stopped by Philipp Grubauer without a rebound.
6:46 of 2nd period - Tyler Johnson wins face-off versus Evgeni Malkin in Lightning zone.
6:57 of 2nd period - Wrist shot by Evgeni Malkin.
6:57 of 2nd period - Shot Misses the Net.
6:59 of 2nd period - Wrist shot by Colby Armstrong.
6:59 of 2nd period - Stopped by Philipp Grubauer without a rebound.
7:00 of 2nd period - Mark Scheifele wins face-off versus Sidney Crosby in Lightning zone.
7:27 of 2nd period - Evgeni Malkin is hit by Nikita Kucherov and loses puck.
7:48 of 2nd period - Joni Pitkanen is hit by Radim Vrbata and loses puck.
8:07 of 2nd period - Ryan Hollweg is hit by Mark Scheifele.
9:17 of 2nd period - Wrist shot by Patrick Kaleta.
9:17 of 2nd period - Shot Misses the Net.
9:19 of 2nd period - Slapshot by Rasmus Ristolainen.
9:19 of 2nd period - Goal by Rasmus Ristolainen - Senateurs : 1 - Lightning : 1.
9:20 of 2nd period - Sidney Crosby wins face-off versus Tyler Johnson in neutral zone.
9:49 of 2nd period - Slapshot by Mark Scheifele.
9:49 of 2nd period - Stopped by Ondrej Pavelec without a rebound.
9:50 of 2nd period - Mark Scheifele wins face-off versus Evgeni Malkin in Senateurs zone.
9:57 of 2nd period - Mark Scheifele is hit by Cody Franson and loses puck.
10:02 of 2nd period - Snap shot by Evgeni Malkin.
10:02 of 2nd period - Shot Misses the Net.
10:04 of 2nd period - Snap shot by Evgeni Malkin.
10:04 of 2nd period - Stopped by Philipp Grubauer with a rebound.
10:06 of 2nd period - Snap shot by Cody Franson.
10:06 of 2nd period - Stopped by Philipp Grubauer without a rebound.
10:07 of 2nd period - Tyler Johnson wins face-off versus Sidney Crosby in Lightning zone.
10:14 of 2nd period - Wrist shot by Alex Goligoski.
10:14 of 2nd period - Stopped by Ondrej Pavelec with a rebound.
10:22 of 2nd period - Wrist shot by Henrik Zetterberg.
10:22 of 2nd period - Stopped by Ondrej Pavelec with a rebound.
10:43 of 2nd period - Wrist shot by Evgeni Malkin.
10:43 of 2nd period - Stopped by Philipp Grubauer without a rebound.
10:44 of 2nd period - Tyler Johnson wins face-off versus Daniel Briere in Lightning zone.
10:44 of 2nd period - Tyler Johnson is hit by Daniel Briere.
10:52 of 2nd period - Daniel Briere is hit by Justin Schultz and loses puck.
11:18 of 2nd period - Slapshot by Sidney Crosby.
11:18 of 2nd period - Shot Misses the Net.
11:29 of 2nd period - Duncan Keith is hit by Justin Schultz.
11:34 of 2nd period - Minor Penalty to Patrick Kaleta for Roughing.
11:35 of 2nd period - Sidney Crosby wins face-off versus Tyler Johnson in Lightning zone.
11:38 of 2nd period - Snap shot by Dion Phaneuf.
11:38 of 2nd period - Shot Misses the Net.
12:06 of 2nd period - Snap shot by Evgeni Malkin.
12:06 of 2nd period - Stopped by Philipp Grubauer without a rebound.
12:07 of 2nd period - Mark Scheifele wins face-off versus Sidney Crosby in Lightning zone.
13:34 of 2nd period - Penalty to Patrick Kaleta is over, Patrick Kaleta is back on ice.
13:47 of 2nd period - Snap shot by Phil Kessel.
13:47 of 2nd period - Shot Misses the Net.
13:49 of 2nd period - Slapshot by Duncan Keith.
13:49 of 2nd period - Shot Blocked by Joni Pitkanen.
14:01 of 2nd period - Snap shot by James Wright.
14:01 of 2nd period - Deflect By Radim Vrbata.
14:01 of 2nd period - Stopped by Ondrej Pavelec with a rebound.
14:03 of 2nd period - Slapshot by Justin Schultz.
14:03 of 2nd period - Stopped by Ondrej Pavelec without a rebound.
14:04 of 2nd period - James Wright wins face-off versus Daniel Briere in Senateurs zone.
14:13 of 2nd period - James Wright is hit by Daniel Briere and loses puck.
14:39 of 2nd period - Snap shot by Sidney Crosby.
14:39 of 2nd period - Deflect By Phil Kessel.
14:39 of 2nd period - Stopped by Philipp Grubauer without a rebound.
14:40 of 2nd period - Mark Scheifele wins face-off versus Daniel Briere in Lightning zone.
16:16 of 2nd period - Wrist shot by Michel Ouellet.
16:16 of 2nd period - Goal by Michel Ouellet - Senateurs : 2 - Lightning : 1.
16:17 of 2nd period - Tyler Johnson wins face-off versus Sidney Crosby in neutral zone.
16:22 of 2nd period - Wrist shot by Jon Merrill.
16:22 of 2nd period - Stopped by Ondrej Pavelec with a rebound.
16:34 of 2nd period - Snap shot by Sidney Crosby.
16:34 of 2nd period - Stopped by Philipp Grubauer with a rebound.
17:13 of 2nd period - Snap shot by Jaden Schwartz.
17:13 of 2nd period - Stopped by Ondrej Pavelec with a rebound.
17:25 of 2nd period - Rasmus Ristolainen is hit by Ryan Hollweg and loses puck.
17:32 of 2nd period - Wrist shot by Michel Ouellet.
17:32 of 2nd period - Stopped by Philipp Grubauer without a rebound.
17:33 of 2nd period - Mark Scheifele wins face-off versus Sidney Crosby in Lightning zone.
17:38 of 2nd period - Snap shot by Alex Goligoski.
17:38 of 2nd period - Deflect By Carlo Colaiacovo.
17:38 of 2nd period - Stopped by Ondrej Pavelec with a rebound.
17:40 of 2nd period - Snap shot by Jaden Schwartz.
17:40 of 2nd period - Stopped by Ondrej Pavelec without a rebound.
17:41 of 2nd period - Sidney Crosby wins face-off versus Mark Scheifele in Senateurs zone.
17:46 of 2nd period - Jamie Benn is hit by Alex Goligoski and loses puck.
18:16 of 2nd period - Wrist shot by Sidney Crosby.
18:16 of 2nd period - Stopped by Philipp Grubauer with a rebound.
18:18 of 2nd period - Wrist shot by Sidney Crosby.
18:18 of 2nd period - Shot Misses the Net.
18:32 of 2nd period - Slapshot by Jon Merrill.
18:32 of 2nd period - Stopped by Ondrej Pavelec without a rebound.
18:33 of 2nd period - Daniel Sedin wins face-off versus Tyler Johnson in Senateurs zone.
18:46 of 2nd period - Snap shot by Daniel Sedin.
18:46 of 2nd period - Deflect By Henrik Zetterberg.
18:46 of 2nd period - Stopped by Philipp Grubauer without a rebound.
18:47 of 2nd period - Evgeni Malkin wins face-off versus Tyler Johnson in Lightning zone.
18:56 of 2nd period - Slapshot by Evgeni Malkin.
18:56 of 2nd period - Shot Misses the Net.
19:42 of 2nd period - Slapshot by Justin Schultz.
19:42 of 2nd period - Stopped by Ondrej Pavelec with a rebound.
19:44 of 2nd period - Slapshot by Joni Pitkanen.
19:44 of 2nd period - Deflect By Duncan Keith.
19:44 of 2nd period - Stopped by Ondrej Pavelec with a rebound.
Goals for this period are 1 for Senateurs vs 1 for Lightning .
Shots for this period are 16 for Senateurs vs 14 for Lightning .
3rd period
0:01 of 3rd period - Tyler Johnson wins face-off versus Sidney Crosby in neutral zone.
0:23 of 3rd period - Icing by Dion Phaneuf.
0:24 of 3rd period - Evgeni Malkin wins face-off versus Mark Scheifele in Senateurs zone.
0:40 of 3rd period - Cody Franson is hit by Jaden Schwartz and loses puck.
0:53 of 3rd period - Snap shot by Sidney Crosby.
0:53 of 3rd period - Shot Misses the Net.
0:57 of 3rd period - Wrist shot by Jamie Benn.
0:57 of 3rd period - Goal by Jamie Benn - Senateurs : 3 - Lightning : 1.
0:58 of 3rd period - Phil Kessel wins face-off versus Tyler Johnson in neutral zone.
1:14 of 3rd period - Icing by Henrik Zetterberg.
1:15 of 3rd period - Henrik Zetterberg wins face-off versus Evgeni Malkin in Lightning zone.
1:46 of 3rd period - Off-side.
1:47 of 3rd period - Daniel Briere wins face-off versus Mark Scheifele in neutral zone.
1:49 of 3rd period - Off-side.
1:50 of 3rd period - Sidney Crosby wins face-off versus Mark Scheifele in neutral zone.
1:55 of 3rd period - Wrist shot by Sidney Crosby.
1:55 of 3rd period - Stopped by Philipp Grubauer with a rebound.
1:57 of 3rd period - Wrist shot by Phil Kessel.
1:57 of 3rd period - Shot Blocked by Joni Pitkanen.
2:17 of 3rd period - Slapshot by Joni Pitkanen.
2:17 of 3rd period - Shot Misses the Net.
2:58 of 3rd period - Icing by Dion Phaneuf.
2:59 of 3rd period - Stephane Da Costa wins face-off versus Mikael Backlund in Senateurs zone.
2:59 of 3rd period - Stephane Da Costa is hit by Alex Goligoski.
3:10 of 3rd period - Off-side.
3:11 of 3rd period - Tyler Johnson wins face-off versus Sidney Crosby in neutral zone.
3:19 of 3rd period - Icing by Phil Kessel.
3:20 of 3rd period - Tyler Johnson wins face-off versus Sidney Crosby in Senateurs zone.
3:56 of 3rd period - Snap shot by Henrik Zetterberg.
3:56 of 3rd period - Shot Misses the Net.
4:40 of 3rd period - Snap shot by Henrik Zetterberg.
4:40 of 3rd period - Stopped by Ondrej Pavelec with a rebound.
4:53 of 3rd period - Off-side.
4:54 of 3rd period - Evgeni Malkin wins face-off versus Mark Scheifele in neutral zone.
5:03 of 3rd period - Wrist shot by Jaden Schwartz.
5:03 of 3rd period - Stopped by Ondrej Pavelec without a rebound.
5:04 of 3rd period - Kris Versteeg wins face-off versus Evgeni Malkin in Senateurs zone.
5:11 of 3rd period - Snap shot by Kris Versteeg.
5:11 of 3rd period - Shot Blocked by Dion Phaneuf.
5:13 of 3rd period - Slapshot by Rasmus Ristolainen.
5:13 of 3rd period - Shot Misses the Net.
5:15 of 3rd period - Slapshot by Mark Scheifele.
5:15 of 3rd period - Goal by Mark Scheifele - Senateurs : 3 - Lightning : 2.
5:16 of 3rd period - Evgeni Malkin wins face-off versus Mark Scheifele in neutral zone.
5:18 of 3rd period - Off-side.
5:19 of 3rd period - Evgeni Malkin wins face-off versus Mark Scheifele in neutral zone.
5:49 of 3rd period - Snap shot by Henrik Zetterberg.
5:49 of 3rd period - Stopped by Ondrej Pavelec without a rebound.
5:50 of 3rd period - Tyler Johnson wins face-off versus Sidney Crosby in Senateurs zone.
5:53 of 3rd period - Snap shot by Tyler Johnson.
5:53 of 3rd period - Shot Misses the Net.
6:07 of 3rd period - Snap shot by Phil Kessel.
6:07 of 3rd period - Stopped by Philipp Grubauer without a rebound.
6:08 of 3rd period - Colby Armstrong wins face-off versus Mark Scheifele in Lightning zone.
6:09 of 3rd period - Snap shot by Evgeni Malkin.
6:09 of 3rd period - Stopped by Philipp Grubauer with a rebound.
6:25 of 3rd period - Snap shot by Jaden Schwartz.
6:25 of 3rd period - Stopped by Ondrej Pavelec without a rebound.
6:26 of 3rd period - Tyler Johnson wins face-off versus Sidney Crosby in Senateurs zone.
6:27 of 3rd period - Wrist shot by Henrik Zetterberg.
6:27 of 3rd period - Deflect By Phil Kessel.
6:27 of 3rd period - Stopped by Ondrej Pavelec without a rebound.
6:28 of 3rd period - Tyler Johnson wins face-off versus Sidney Crosby in Senateurs zone.
6:33 of 3rd period - Snap shot by Henrik Zetterberg.
6:33 of 3rd period - Shot Blocked by Sidney Crosby.
7:03 of 3rd period - Wrist shot by Jaden Schwartz.
7:03 of 3rd period - Shot Misses the Net.
7:05 of 3rd period - Snap shot by Rasmus Ristolainen.
7:05 of 3rd period - Stopped by Ondrej Pavelec without a rebound.
7:06 of 3rd period - Mark Scheifele wins face-off versus Daniel Sedin in Senateurs zone.
7:19 of 3rd period - Snap shot by Cody Franson.
7:19 of 3rd period - Shot Misses the Net.
7:21 of 3rd period - Snap shot by Daniel Sedin.
7:21 of 3rd period - Deflect By Colby Armstrong.
7:21 of 3rd period - Stopped by Philipp Grubauer without a rebound.
7:22 of 3rd period - Tyler Johnson wins face-off versus Sidney Crosby in Lightning zone.
7:38 of 3rd period - Off-side.
7:39 of 3rd period - Mark Scheifele wins face-off versus Evgeni Malkin in neutral zone.
8:20 of 3rd period - Snap shot by Henrik Zetterberg.
8:20 of 3rd period - Shot Blocked by Cody Franson.
8:39 of 3rd period - Minor Penalty to Radim Vrbata for Elbowing.
8:40 of 3rd period - Sidney Crosby wins face-off versus Tyler Johnson in Senateurs zone.
9:37 of 3rd period - Slapshot by Henrik Zetterberg.
9:37 of 3rd period - Goal by Henrik Zetterberg - Senateurs : 3 - Lightning : 3.
9:38 of 3rd period - Phil Kessel wins face-off versus James Wright in neutral zone.
9:47 of 3rd period - Wrist shot by Patrick Kaleta.
9:47 of 3rd period - Stopped by Ondrej Pavelec with a rebound.
9:49 of 3rd period - Slapshot by Joni Pitkanen.
9:49 of 3rd period - Shot Misses the Net.
10:09 of 3rd period - Joni Pitkanen is hit by Dion Phaneuf.
10:28 of 3rd period - Minor Penalty to Daniel Sedin for High sticking.
10:29 of 3rd period - Sidney Crosby wins face-off versus Mark Scheifele in Senateurs zone.
11:04 of 3rd period - Wrist shot by Jaden Schwartz.
11:04 of 3rd period - Stopped by Ondrej Pavelec with a rebound.
11:06 of 3rd period - Wrist shot by Mark Scheifele.
11:06 of 3rd period - Shot Misses the Net.
11:08 of 3rd period - Slapshot by Alex Goligoski.
11:08 of 3rd period - Deflect By Nate Prosser.
11:08 of 3rd period - Stopped by Ondrej Pavelec with a rebound.
11:14 of 3rd period - Wrist shot by Jaden Schwartz.
11:14 of 3rd period - Shot Misses the Net.
11:16 of 3rd period - Slapshot by Alex Goligoski.
11:16 of 3rd period - Deflect By Nikita Kucherov.
11:16 of 3rd period - Stopped by Ondrej Pavelec without a rebound.
11:17 of 3rd period - Sidney Crosby wins face-off versus Tyler Johnson in Senateurs zone.
11:32 of 3rd period - Snap shot by Tyler Johnson.
11:32 of 3rd period - Stopped by Ondrej Pavelec without a rebound.
11:33 of 3rd period - Sidney Crosby wins face-off versus Tyler Johnson in Senateurs zone.
11:54 of 3rd period - Snap shot by Mark Scheifele.
11:54 of 3rd period - Deflect By Jaden Schwartz.
11:54 of 3rd period - Shot Misses the Net.
11:54 of 3rd period - Puck is out of play.
11:55 of 3rd period - Evgeni Malkin wins face-off versus Mark Scheifele in Senateurs zone.
12:28 of 3rd period - Penalty to Daniel Sedin is over, Daniel Sedin is back on ice.
12:51 of 3rd period - Wrist shot by James Wright.
12:51 of 3rd period - Shot Blocked by Stephane Da Costa.
13:03 of 3rd period - Darren Helm is hit by Sergei Kostitsyn and loses puck.
13:08 of 3rd period - Slapshot by Sergei Kostitsyn.
13:08 of 3rd period - Shot Misses the Net.
13:10 of 3rd period - Slapshot by Radim Vrbata.
13:10 of 3rd period - Shot Misses the Net.
13:32 of 3rd period - Minor Penalty to Sidney Crosby for Holding.
13:33 of 3rd period - Mark Scheifele wins face-off versus Radim Vrbata in Senateurs zone.
14:48 of 3rd period - Daniel Briere is hit by Mark Scheifele.
15:32 of 3rd period - Penalty to Sidney Crosby is over, Sidney Crosby is back on ice.
15:54 of 3rd period - Mark Giordano is hit by Mikael Backlund and loses puck.
16:09 of 3rd period - Kris Versteeg is hit by Michel Ouellet and loses puck.
16:32 of 3rd period - Sidney Crosby is hit by Justin Schultz and loses puck.
17:20 of 3rd period - Minor Penalty to Colby Armstrong for Hooking.
17:21 of 3rd period - Tyler Johnson wins face-off versus Evgeni Malkin in Senateurs zone.
18:11 of 3rd period - Dion Phaneuf is hit by Joni Pitkanen and loses puck.
19:20 of 3rd period - Penalty to Colby Armstrong is over, Colby Armstrong is back on ice.
19:30 of 3rd period - Snap shot by Phil Kessel.
19:30 of 3rd period - Shot Misses the Net.
19:32 of 3rd period - Minor Penalty to Patrick Marleau for Hooking.
19:33 of 3rd period - Tyler Johnson wins face-off versus Sidney Crosby in Lightning zone.
19:42 of 3rd period - Snap shot by Duncan Keith.
19:42 of 3rd period - Deflect By Jamie Benn.
19:42 of 3rd period - Shot Hit the Post.
19:42 of 3rd period - Puck is out of play.
19:43 of 3rd period - Sidney Crosby wins face-off versus Tyler Johnson in Lightning zone.
19:52 of 3rd period - Slapshot by Phil Kessel.
19:52 of 3rd period - Goal by Phil Kessel - Senateurs : 4 - Lightning : 3.
19:53 of 3rd period - Kris Versteeg wins face-off versus Sidney Crosby in neutral zone.
19:58 of 3rd period - Lightning , Philipp Grubauer is pulled from the net.
Goals for this period are 2 for Senateurs vs 2 for Lightning .
Shots for this period are 6 for Senateurs vs 13 for Lightning .
Back to the Top